 Dungeon Crawl Stone Soup version 0.28.0-45-g0d030f2227 (webtiles) character file.

Game seed: 11493443057636023762

531 pkoi the Insei (level 6, 0/51 HPs)
             Began as a Demigod Gladiator on Apr 10, 2022.
             Slain by a hound (2 damage)
             ... on level 5 of the Dungeon.
             The game lasted 00:05:23 (3701 turns).

pkoi the Insei (Demigod Gladiator)                  Turns: 3701, Time: 00:05:23

Health: 0/51       AC: 11    Str: 19    XL:     6   Next: 73%
Magic:  8/8        EV:  9    Int: 10    God:
Gold:   123        SH:  0    Dex: 19    Spells: 5/5 levels left

rFire   . . .      SeeInvis .   q - +4 spear (drain)
rCold   . . .      Faith    .   (no shield)
rNeg    . . .      Spirit   .   l - +0 chain mail
rPois   .          Reflect  .   b - +0 helmet
rElec   .          Harm     .   (no cloak)
rCorr   .          Rampage  .   o - +0 pair of gloves
Will    .....                   (no boots)
Stlth   ..........              (no amulet)
HPRegen 0.17/turn               (no ring)
MPRegen 0.11/turn               (no ring)

@: about to teleport, slowed, very slow
A: high MP 1, forlorn, divine attributes
a: no special abilities


You were on level 5 of the Dungeon.
You visited 1 branch of the dungeon, and saw 5 of its levels.

You collected 123 gold pieces.

Inventory:

Hand Weapons
 a - a +1 whip of electrocution
 h - a +2 whip of venom
 q - a +4 spear of draining (weapon)
Missiles
 c - 3 throwing nets
 g - 4 poisoned darts (quivered)
Armour
 b - a +0 helmet (worn)
 l - a +0 chain mail (worn)
 o - a +0 pair of gloves (worn)
Jewellery
 n - a ring of protection from fire
Scrolls
 d - a scroll of teleportation
 r - a scroll of identify


   Skills:
 + Level 3.1 Fighting
 - Level 1.7 Throwing
 + Level 2.3 Armour
 + Level 3.8 Dodging
 * Level 5.6 Unarmed Combat


You had 5 spell levels left.
You didn't know any spells.
Your spell library was empty.

Dungeon Overview and Level Annotations

Branches:
Dungeon (5/15)
 Temple: D:4-7

Shops:
D:1 [

Annotations:
D:3 3 runed translucent doors, pkoi's ghost, weakling DgIE


Innate Abilities, Weirdness & Mutations

You have an increased reservoir of magic. (+10% MP)
You shall have no god before yourself.
Your divine heritage dramatically boosts your attributes as you level up.


Message History

You have difficulty breathing.
* * * LOW HITPOINT WARNING * * *
You feel yourself slow down.
You aren't carrying any potions.
As you read the scroll of teleportation, it crumbles to dust.
You feel strangely unstable.
* * * LOW HITPOINT WARNING * * *
You feel very sick.
You puncture the kobold brigand! You drain the kobold brigand.
The kobold brigand is heavily wounded.
Your surroundings suddenly seem different.
A hound comes into view.
Found a stone staircase leading down.
* * * LOW HITPOINT WARNING * * *
You feel very sick.
The hound barks!
* * * LOW HITPOINT WARNING * * *
You feel sick.
A bullfrog skeleton comes into view.
* * * LOW HITPOINT WARNING * * *
You feel sick.
* * * LOW HITPOINT WARNING * * *
You feel sick. The hound barely misses you.
An adder skeleton comes into view.
There is a stone staircase leading down here.
* * * LOW HITPOINT WARNING * * *
You feel sick.
You are no longer poisoned.
The hound barely misses you. The hound bites you but does no damage.
You climb downwards.
The orc shouts! x4
Found an orange potion and 7 gold pieces.
Found a stone staircase leading down.
There is a stone staircase leading up here.
As you read the scroll of teleportation, it crumbles to dust.
You feel strangely unstable. The hound bites you but does no damage.
The hound completely misses you. The hound bites you but does no damage.
Okay, then.
Found a glowing grey potion.
The hound bites you.
You die...

#..!....#
#.......#.#
#.......#.###
#.......#...
#.......#..#
#...$...#..#
#.......#..# .
#......@h..#....
#.####.#<>.o....
#.##.#o..W. #.
.# ..o. #. .# ..
## ##


You could see a phantom, a hound and 3 orcs.

Vanquished Creatures
  Pargi (D:3)
  A black bear (D:3)
  A howler monkey (D:4)
  3 orc priests
  Jessica (D:3)
  2 orc wizards
  4 adders
  A worm (D:3)
  12 orcs
  3 endoplasms
  5 giant cockroaches
  5 goblins
  6 hobgoblins
  6 jackals (D:1)
  19 kobolds
  2 quokkas (D:1)
  4 ball pythons
  3 bats
  3 frilled lizards
  12 rats
94 creatures vanquished.

Vanquished Creatures (others)
  An endoplasm (D:3)
  A jackal (D:3)
  A frilled lizard (D:3)
  2 goblins (D:3)
  50 plants (D:4)
55 creatures vanquished.

Grand Total: 149 creatures vanquished

Notes
Turn   | Place    | Note
-------+----------+-------------------------------------------
     0 | D:1      | pkoi the Demigod Gladiator began the quest for the Orb.
     0 | D:1      | Reached XP level 1. HP: 17/17 MP: 3/3
   170 | D:1      | Reached skill level 3 in Unarmed Combat
   229 | D:1      | Reached XP level 2. HP: 24/24 MP: 4/4
   610 | D:1      | Found Neaciq's Antique Armour Emporium.
   809 | D:1      | Reached XP level 3. HP: 29/29 MP: 5/5
   817 | D:1      | Reached skill level 4 in Unarmed Combat
  2224 | D:3      | Found a runed translucent gate.
  2224 | D:3      | Found a runed translucent gate.
  2224 | D:3      | Found a runed translucent gate.
  2225 | D:3      | Noticed pkoi's ghost (weakling DgIE)
  2264 | D:3      | Reached XP level 4. HP: 33/36 MP: 6/6
  2307 | D:3      | Noticed Jessica
  2314 | D:3      | Killed Jessica
  2315 | D:3      | Reached skill level 1 in Armour
  2503 | D:3      | Noticed Pargi
  2544 | D:3      | Killed Pargi
  2545 | D:3      | Reached XP level 5. HP: 24/42 MP: 7/7
  2729 | D:3      | Reached skill level 5 in Unarmed Combat
  2817 | D:3      | Noticed a black bear
  2832 | D:3      | Killed a black bear
  2833 | D:3      | Reached XP level 6. HP: 39/50 MP: 8/8
  3323 | D:4      | HP: 2/51 [orc priest/+0 war axe (8)]
  3697 | D:4      | HP: 2/51 [poisoned by a kobold brigand (curare-tipped
                  | dart)]
  3699 | D:5      | Entered Level 5 of the Dungeon
  3701 | D:5      | Slain by a hound

Illustrated notes

Levels and vault maps discovered:
D:1:      minmay_arrival_stone_box, layout_basic, serial_shops, shop
D:2:      layout_loops_ring, serial_rivers, chequers_serial_rivers_large_b,
          chequers_serial_rivers_room_a, chequers_serial_rivers_room_b,
          chequers_serial_rivers_marsh, st_stairs_3, lightli_corner_chamber
D:3:      layout_rooms, xom_confusion_cloud, ebering_ecumenical_altar_mist,
          gammafunk_ghost_necromancy, uniq_jessica, uniq_pargi
D:4:      kennysheep_kobold_camp, layout_basic, st_stairs_12
D:5:      layout_basic, temple_statues

Skill      XL: |  1  2  3  4  5  6 |
---------------+-------------------+-----
Unarmed Combat | 3 4 5 |  5.6
Fighting       | 2 3 |  3.1
Armour         | 1 2 |  2.3
Dodging        | 3 |  3.8
Throwing       | |  1.7

Action                   |  1- 3 |  4- 6 || total
-------------------------+-------+-------++-------
Melee: Unarmed           |    14 |       ||    14
       Whip              |   121 |    93 ||   214
       Punch             |     2 |     2 ||     4
       Spear             |       |    57 ||    57
Throw: Dart              |       |     2 ||     2
  Use: Scroll            |       |    10 ||    10
       Potion            |       |     2 ||     2
Armor: Ring mail         |    18 |       ||    18
       Leather armour    |     2 |       ||     2
       Chain mail        |    39 |    84 ||   123
Dodge: Dodged            |    60 |    70 ||   130
